Map: Honorgrounds LE

Players

SortOf - Winner!

  • Race: Zerg Zerg
  • Spawn Location: 1:00

PiLiPiLi

  • Race: Protoss Protoss
  • Spawn Location: 5:00

Event: IEM XI Katowice - World Championship 2017

VOD

Have the link to the VOD?

Description

Time

  • Played on: Feb. 27, 2017, 8:41 a.m.
  • Length: 8:06

All games in this series

Show
View Real Time Build Order
Export as new Build Order

SortOf Zerg - Winner!

Build Orders: Hatch First 

Get SALT Encoding   

  12  0:01  Drone  
  13  0:12  Overlord  
  13  0:17  Drone  
  14  0:31  Drone x2  
  16  0:36  Drone  
  17  0:54  Hatchery  
  17  0:56  Drone  
  17  0:59  Drone  
  18  1:11  Extractor  
  18  1:15  Spawning Pool  
  16  1:19  Drone  
  16  1:22  Drone  
  18  1:28  Drone  
  19  1:38  Overlord  
  19  1:49  Drone  
  20  2:01  Queen  
  20  2:02  Zergling x2  
  20  2:07  Zergling x2, Queen  
  26  2:13  Zergling x2  
  27  2:16  Metabolic Boost  
  27  2:20  Drone  
  28  2:27  Drone  
  29  2:33  Drone  
  29  2:34  Drone  
  31  2:45  Hatchery  
  31  2:47  Drone x2  
  32  2:53  Overlord  
  32  2:56  Zergling x2  
  33  3:00  Zergling x2  
  33  3:04  Overlord  
  33  3:12  Zergling x6  
  33  3:23  Drone  
  34  3:27  Spore Crawler  
  34  3:28  Drone x2  
  34  3:29  Drone  
  34  3:31  Drone  
  34  3:32  Drone  
  38  3:36  Drone  
  39  3:45  Drone  
  40  3:50  Queen  
  42  3:56  Drone x2  
  42  3:58  Drone x2  
  42  3:59  Drone  
  42  4:02  Drone  
  47  4:08  Drone x2  
  49  4:10  Drone x2  
  49  4:12  Overlord  
  50  4:21  Overlord, Drone x2  
  50  4:22  Drone  
  52  4:30  Queen  
  53  4:31  Zergling x2  
  53  4:33  Zergling x4, Baneling Nest  
  55  4:40  Drone x4  
  55  4:44  Drone  
  55  4:45  Overlord  
  60  4:47  Drone x3  
  60  4:51  Queen  
  63  4:58  Spine Crawler  
  62  5:01  Zergling x8  
  62  5:02  Zergling x2  
  67  5:07  Queen  
  67  5:13  Zergling x10  
  74  5:14  Evolution Chamber  
  74  5:17  Overlord  
  74  5:20  Extractor  
  72  5:22  Roach Warren  
  72  5:26  Baneling  
  72  5:27  Baneling x6  
  71  5:29  Zergling x10  
  71  5:33  Overlord  
  76  5:36  Spore Crawler  
  76  5:37  Spore Crawler, Drone  
  76  5:38  Drone  
  75  5:43  Drone x4  
  75  5:49  Overlord  
  78  5:51  Drone x2  
  78  5:52  Zerg Melee Weapons Level 1  
  77  6:03  Roach x2  
  77  6:04  Overlord, Roach  
  83  6:07  Extractor  
  83  6:09  Spore Crawler  
  81  6:14  Overlord, Roach x2  
  84  6:22  Drone x7  
  84  6:23  Drone  
  92  6:29  Overlord  
  92  6:31  Lair  
  92  6:33  Drone  
  92  6:34  Drone x2  
  95  6:40  Overlord  
  95  6:42  Roach x2  
  95  6:43  Drone x2  
  95  6:46  Extractor  
  95  6:47  Extractor  
  98  6:51  Roach x3  
  104  6:57  Zergling x2, Roach x2  
  104  7:01  Overlord  
  109  7:04  Ravager  
  109  7:05  Queen  
  109  7:06  Overlord  
  112  7:08  Extractor  
  112  7:09  Zergling x4, Roach  
  112  7:10  Zergling x2  
  116  7:17  Zergling x4, Roach  
  116  7:18  Zergling x4, Roach  
  116  7:21  Ravager  
  125  7:25  Roach x4  
  132  7:33  Roach x4  
  132  7:35  Spine Crawler  
  139  7:40  Roach x3  
Show
View Real Time Build Order
Export as new Build Order

PiLiPiLi Protoss 

Build Orders:  

Get SALT Encoding   

  12  0:01  Probe (Chrono Boost)  
  13  0:11  Probe (Chrono Boost)  
  14  0:18  Pylon  
  14  0:22  Probe (Chrono Boost)  
  15  0:37  Gateway, Probe (Chrono Boost)  
  16  0:46  Assimilator  
  16  0:47  Probe (Chrono Boost)  
  17  0:58  Probe (Chrono Boost)  
  18  1:05  Gateway  
  18  1:08  Probe (Chrono Boost)  
  19  1:19  Probe (Chrono Boost)  
  19  1:24  Cybernetics Core  
  20  1:26  Pylon  
  20  1:29  Probe (Chrono Boost)  
  21  1:53  Nexus  
  21  1:59  Adept  
  23  2:03  Adept  
  25  2:11  Warp Gate, Probe (Chrono Boost)  
  26  2:17  Assimilator  
  27  2:23  Probe (Chrono Boost)  
  27  2:27  Pylon  
  27  2:40  Probe (Chrono Boost)  
  28  2:46  Stalker  
  30  2:52  Probe (Chrono Boost)  
  30  2:56  Twilight Council  
  30  3:04  Probe (Chrono Boost)  
  31  3:15  Probe (Chrono Boost)  
  31  3:16  Probe (Chrono Boost)  
  32  3:26  Probe (Chrono Boost)  
  32  3:27  Resonating Glaives  
  32  3:28  Adept, Probe (Chrono Boost)  
  32  3:29  Adept  
  34  3:38  Probe (Chrono Boost)  
  34  3:39  Mothership Core (Chrono Boost)  
  37  3:50  Probe (Chrono Boost)  
  37  3:58  Probe (Chrono Boost)  
  37  4:02  Probe (Chrono Boost)  
  39  4:06  Robotics Facility  
  39  4:08  Probe (Chrono Boost)  
  40  4:14  Adept, Probe (Chrono Boost)  
  40  4:19  Probe (Chrono Boost)  
  40  4:26  Probe (Chrono Boost)  
  40  4:30  Probe (Chrono Boost)  
  41  4:38  Probe (Chrono Boost)  
  41  4:41  Gateway, Probe (Chrono Boost)  
  42  4:50  Probe (Chrono Boost)  
  42  4:51  Adept, Probe (Chrono Boost)  
  45  4:55  Warp Prism  
  45  5:02  Probe x2 (Chrono Boost)  
  45  5:06  Stalker  
  51  5:12  Probe (Chrono Boost)  
  53  5:15  Probe (Chrono Boost)  
  53  5:18  Assimilator  
  53  5:23  Pylon, Probe (Chrono Boost)  
  54  5:31  Pylon  
  54  5:38  Pylon  
  56  5:45  Adept x3, Immortal  
  56  5:58  Pylon  
  56  6:04  Probe (Chrono Boost)  
  56  6:06  Probe (Chrono Boost)  
  56  6:08  Gateway  
  58  6:11  Gateway  
  58  6:12  Gateway, Sentry x3  
  64  6:19  Warp Prism  
  58  6:29  Gateway  
  58  6:30  Gateway  
  58  6:37  Sentry x2  
  58  6:38  Sentry  
  64  6:51  Pylon x2  
  64  6:52  Pylon  
  64  6:59  Adept  
  66  7:02  Adept x2  
  70  7:16  Stalker  
  70  7:17  Adept, Stalker  
  70  7:18  Adept  
  78  7:23  Adept x2  
  82  7:37  Adept x5  
  82  7:38  Stalker  
  88  7:51  Adept x2  

Tags
 
Add a new tag
Caveats
  • Supply blocks, unpowered buildings, or Contaminate may cause inaccurate times.
  • Supply counts are checked every 10 seconds.